cohdb
Replays
Latest Replays
All Replays
Popular Replays
Top Player Replays
Match Explorer
How It Works
Community
CoH3 Stats
Reddit
Sign in to upload your games and track your stats! →
Sign in with Steam
Match 43085578
Unlisted
Match 43085578
Overview
Messages
Build Orders
End
Construct Barracks
Riflemen Squad
Selects Advanced Infantry Battlegroup
M1 Mortar Team
Riflemen Squad
Construct Weapon Support Center
Infantry Support Center
Selects Convert to Ranger Squad
M1919 Machine Gun Team
Convert to Ranger Squad
M3 Armored Personnel Carrier
M1918 Browning Automatic Rifles
Selects Frontline Medical Station
Frontline Medical Station
Engineer Squad
Selects Ammunition Storage
Selects Ranger Weapon Training
Convert to Ranger Squad
M3 Armored Personnel Carrier
Engineer Squad
M3 Armored Personnel Carrier
Survival Training
Advanced Logistics
Construct Medical Station
Dr.eiser
Crazy Dog
Jarkke
Setti-Veke
0
0
Comments
sign in to comment!
No comments posted yet!